 Dungeon Crawl Stone Soup version 0.18-a0-1123-gbd92598 (webtiles) character file.

68 MrRokkomies the Ruffian (level 4, 0/45 HPs)
             Began as a Troll Monk on Jan 19, 2016.
             Slain by P0WERM0DE's ghost (6 damage)
             ... on level 3 of the Dungeon.
             The game lasted 00:03:08 (1471 turns).

MrRokkomies the Ruffian (Troll Monk)                Turns: 1471, Time: 00:03:08

Health: 0/45       AC:  5    Str: 19    XL:     4   Next: 1%
Magic:  3/3        EV: 10    Int:  7    God:    Xom [..*...]
Gold:   128        SH:  0    Dex: 12    Spells: 0 memorised, 3 levels left

rFire  . . .     SeeInvis .       - Unarmed
rCold  . . .     Gourm    +     a - +0 robe
rNeg   . . .     Faith    .     (no shield)
rPois  .         Spirit   .     (helmet restricted)
rElec  .         Dismiss  .     (no cloak)
rCorr  .         Reflect  .     (gloves unavailable)
SustAt .         Harm     .     (boots unavailable)
MR     .....                    (no amulet)
Stlth  +.........               (no ring)
                                (no ring)

@: very slightly contaminated, hasted, very quick, not resistant to hostile
enchantments, very unstealthy
A: unfitting armour, claws 3, fast metabolism 3, gourmand, regeneration 2,
shaggy fur 1, tough skin 2
a: Renounce Religion


You were on level 3 of the Dungeon.
You worshipped Xom.
You were a toy of Xom.
You were near starving.

You visited 1 branch of the dungeon, and saw 3 of its levels.

You collected 128 gold pieces.

Inventory:

Armour
 a - a +0 robe (worn)
Scrolls
 f - a scroll of amnesia {unknown}
 l - a scroll of remove curse
 m - a scroll of identify {unknown}
 n - a scroll of enchant weapon {unknown}
 o - a scroll of fog {unknown}
Potions
 c - a potion of mutation {unknown}
 e - 2 potions of might {unknown}
 g - a potion of agility {unknown}
 h - a potion of heal wounds {unknown}
 i - a potion of haste {unknown}
 j - a potion of invisibility {unknown}
 k - a potion of ambrosia {unknown}
 p - a potion of flight {unknown}
Comestibles
 b - 4 bread rations
 d - a meat ration


   Skills:
 * Level 3.3 Fighting
 - Level 2.4 Dodging
 - Level 1.1 Stealth
 * Level 4.8 Unarmed Combat


You had 3 spell levels left.
You didn't know any spells.

Dungeon Overview and Level Annotations

Branches:
Dungeon (3/15)

Altars:
Gozag
Xom
The Shining One

Annotations:
D:3 P0WERM0DE's ghost, amateur DECK


Innate Abilities, Weirdness & Mutations

You are too large for most types of armour.
You have claws for hands.
Your metabolism is lightning-fast.
You like to eat raw meat.
You heal very quickly.
You are covered in fur (AC +1).
You have very tough skin (AC +2).


Message History

You barely miss P0WERM0DE's ghost.
P0WERM0DE's ghost is almost destroyed.
The giant cockroach misses you.
You scratch P0WERM0DE's ghost but do no damage.
P0WERM0DE's ghost is almost destroyed.
P0WERM0DE's ghost hits you! The giant cockroach closely misses you.
You closely miss P0WERM0DE's ghost.
P0WERM0DE's ghost is almost destroyed.
P0WERM0DE's ghost hits you!
* * * LOW HITPOINT WARNING * * *
You are near starving!
You scratch P0WERM0DE's ghost but do no damage.
P0WERM0DE's ghost is almost destroyed.
The giant cockroach barely misses you.
You miss P0WERM0DE's ghost.
P0WERM0DE's ghost is almost destroyed.
The giant cockroach bites you but does no damage.
P0WERM0DE's ghost hits you.
You die...
Xom laughs nastily!

....##### #.#
#......#####.####
#....... ..<...##
#....#. ......##
#.....#### #......# #
#........###......#.##
#....<....$...........
#....#.#.....s.b......
#.#.##.#.###W@...b....
# #.##.#.# #..b.....##
#.##.#.# ###.bb.###
#.##.#.# #....#
#.##.#.. !.....#
#....##. ......# ###
.......# #.....##
$....(#


You could see P0WERM0DE's ghost and a giant cockroach.

Vanquished Creatures
  Terence (D:3)
  An adder (D:2)
  2 giant geckos
  6 bats
  6 giant cockroaches
  A goblin (D:2)
  5 hobgoblins
  A kobold (D:1)
  A quokka (D:2)
  2 giant newts
  5 rats
31 creatures vanquished.

Notes
Turn   | Place    | Note
--------------------------------------------------------------
     0 | D:1      | MrRokkomies the Troll Monk began the quest for the Orb.
     0 | D:1      | Reached XP level 1. HP: 22/22 MP: 0/0
   124 | D:1      | Found a shimmering altar of Xom.
   135 | D:1      | Reached XP level 2. HP: 27/29 MP: 1/1
   137 | D:1      | Became a worshipper of Xom of Chaos
   467 | D:1      | XOM is BORED!
   467 | D:1      | XOM: harmless Air miscast
   928 | D:2      | XOM: cast spell 'Hydra Form'
   947 | D:2      | Found a glowing golden altar of the Shining One.
  1045 | D:2      | Reached XP level 3. HP: 34/37 MP: 2/2
  1048 | D:2      | XOM is BORED!
  1048 | D:2      | XOM: medium Pois miscast
  1146 | D:2      | XOM: harmless Conj miscast
  1150 | D:2      | XOM: divination: detect creatures
  1355 | D:2      | Found an opulent altar of Gozag.
  1439 | D:3      | Noticed P0WERM0DE's ghost (amateur DECK)
  1439 | D:3      | Noticed Terence
  1444 | D:3      | Killed Terence
  1444 | D:3      | Reached XP level 4. HP: 40/45 MP: 3/3
  1449 | D:3      | XOM: cast spell 'Summon Butterflies'
  1451 | D:3      | XOM: potion effect (haste)
  1466 | D:3      | XOM is BORED!
  1466 | D:3      | XOM: silly message
  1471 | D:3      | Slain by P0WERM0DE's ghost

Vault maps used:
D:1:      matt_arrival_refuge, xom_teletrap_fun
D:2:      lemuel_coloured_pillars_altar, tso_metal_star
D:3:      uniq_terence, uniq_natasha

Action                   |  1- 3 |  4- 6 || total
-------------------------+-------+-------++-------
Melee: Unarmed           |    70 |    24 ||    94
  Use: Scroll            |     2 |       ||     2
 Stab: Sleeping          |     5 |       ||     5
  Eat: Chunk             |     9 |       ||     9
